 Dungeon Crawl Stone Soup version 0.26-a0-966-gd078a86f14 (webtiles) character file.

Game seed: 18133606907278197369

23 Alado the Skirmisher (level 2, 0/25 HPs)
             Began as a Demonspawn Abyssal Knight on Dec 3, 2020.
             Was a Follower of Lugonu.
             Succumbed to an adder's poison
             ... on level 2 of the Dungeon.
             The game lasted 00:04:33 (999 turns).

Alado the Skirmisher (Demonspawn Abyssal Knight)     Turns: 999, Time: 00:04:34

Health: 0/25       AC:  3    Str: 12    XL:     2   Next: 72%
Magic:  3/4        EV: 11    Int: 13    God:    Lugonu [*.....]
Gold:   59         SH:  0    Dex: 12    Spells: 1/1 levels left

rFire    . . .     SeeInvis .   a - +1 spear
rCold    . . .     Faith    .   (no shield)
rNeg     . . .     Spirit   .   b - +0 leather armour
rPois    .         Reflect  .   (no helmet)
rElec    .         Harm     .   (no cloak)
rCorr    .         Rampage  .   (no gloves)
MR       .....                  (no boots)
Stlth    +.........             (no amulet)
HPRegen  0.08/turn              (no ring)
MPRegen  0.09/turn              (no ring)

@: lethally poisoned (0 -> -4)
A: rot immunity
a: Depart the Abyss, Renounce Religion


You were on level 2 of the Dungeon.
You worshipped Lugonu.
Lugonu was aware of your devotion.
You visited 1 branch of the dungeon, and saw 2 of its levels.
You visited the Abyss 1 time.

You collected 59 gold pieces.

Inventory:

Hand Weapons
 a - a +1 spear (weapon)
Missiles
 d - 7 atropa-tipped darts (quivered)
Armour
 b - a +0 leather armour (worn)
 c - a +1 scale mail


   Skills:
 + Level 3.7 Fighting
 + Level 1.9 Polearms
 + Level 1.9 Armour
 + Level 0.9 Dodging
 + Level 2.7 Invocations


You had one spell level left.
You didn't know any spells.
Your spell library was empty.

Dungeon Overview and Level Annotations

Branches:
Dungeon (2/15)

Altars:


Innate Abilities, Weirdness & Mutations

You are immune to rotting.


Message History

You feel sick.
The ball python bites you but does no damage.
* * * LOW HITPOINT WARNING * * *
The ball python constricts you.
You barely miss the ball python.
The ball python is moderately wounded.
The ball python bites you but does no damage.
* * * LOW HITPOINT WARNING * * *
The ball python constricts you.
You closely miss the ball python.
The ball python is moderately wounded.
* * * LOW HITPOINT WARNING * * *
You feel sick.
The ball python bites you but does no damage.
The ball python constricts you.
You hit the ball python.
You kill the ball python!
Lugonu accepts your kill.
You barely miss the goblin.
You die...

## #). #.# #....#
... .....#
#.###....# .
###rg.#....#
..###.###@#...##
...............#
........###....#
........###....#
...............#
...............#
...........###.###
..##.............#
. #.######....###


You could see a goblin and a rat.

Vanquished Creatures
  An adder (D:2)
  A leopard gecko (D:1)
  A goblin (D:1)
  2 kobolds (D:1)
  A ball python (D:2)
  4 bats
  4 rats (D:1)
14 creatures vanquished.

Notes
Turn   | Place    | Note
-------+----------+-------------------------------------------
     0 | Abyss:1  | Alado the Demonspawn Abyssal Knight began the quest for the
                  | Orb.
     0 | Abyss:1  | Reached XP level 1. HP: 18/18 MP: 2/2
     0 | D:1      | Escaped the Abyss
   361 | D:1      | Gained mutation: You are immune to rotting. [demonic
                  | ancestry]
   361 | D:1      | Reached XP level 2. HP: 24/24 MP: 3/3
   535 | D:1      | Reached * piety under Lugonu
   997 | D:2      | HP: 1/25 [poisoned by an adder]
   999 | D:2      | Succumbed to an adder's poison

Illustrated notes

Levels and vault maps discovered:
D:1:      saegor_arrival_simple_c, layout_loops_corners
D:2:      kennysheep_six_static_rooms, layout_basic,
          chequers_ecumenical_altar_island, roderic_lattice_a,
          minmay_indecisive_spiral

Action                   || total
-------------------------++-------
Melee: Spear             ||    62
Invok: Depart the Abyss  ||     1
  Use: Scroll            ||     7
       Potion            ||     1
 Stab: Sleeping          ||     1
Armor: Leather armour    ||    18
Dodge: Dodged            ||    37

Table legend: (Time is in decaauts)
 A = Elapsed time spent in this place.
 B = Non-inter-level travel time spent in this place.
 C = Inter-level travel time spent in this place.
 D = Time resting spent in this place.
 E = Time spent auto-exploring this place.
 F = Levels seen in this place.
 G = Mean time per level.
                   A        B        C        D        E       F      G
               +--------+--------+--------+--------+--------+-----+--------+
         Total |    999 |    977 |     22 |      0 |    847 |   3 |  333.0 |
       Dungeon |    999 |    977 |     22 |      0 |    847 |   2 |  499.5 |
         Abyss |      0 |      0 |      0 |      0 |      0 |   1 |    0.0 |
               +--------+--------+--------+--------+--------+-----+--------+

Top non-repeatable levels by time:
     D:1: 964 daAuts
     D:2: 35 daAuts
